Construct Section Command Post
Construct Platoon Command Post
Selects Air and Sea Battlegroup
Selects Commando Section Paradrop
Selects M1 Pack Howitzer Paradrop
Commando Section Paradrop
Unlock Bishop Self-propelled Artillery
6-pounder Anti-tank Gun Team
Bishop Self-propelled Artillery
Construct Field Infirmary
Construct Company Command Post
Unlock M3 Grant Medium Tanks
Selects Anti-tank Rocket Loiter
Selects Naval Bombardment